 Dungeon Crawl Stone Soup version 0.30.1-3-gfc49f6343a (webtiles) character file.

Game seed: 17642698627016465417

709 Cassiopeia the Changer (level 7, -4/53 HPs)
             Began as a Gnoll Wanderer on July 18, 2023.
             Was an Initiate of Gozag.
             Slain by Pikel
             ... wielding a +0 whip of flaming
              (5 damage)
             ... on level 4 of the Dungeon.
             The game lasted 00:17:26 (4362 turns).

Cassiopeia the Changer (Gnoll Wanderer)             Turns: 4362, Time: 00:17:28

Health: -4/53      AC:  3    Str:  9    XL:     7   Next: 68%
Magic:  13/13      EV: 17    Int: 14    God:    Gozag
Gold:   621        SH:  0    Dex: 13    Spells: 11/14 levels left

rFire   . . .        b - +4 short sword
rCold   . . .        (no shield)
rNeg    . . .        c - +0 robe
rPois   .            (no helmet)
rElec   .            (no cloak)
rCorr   .            (no gloves)
SInv    .            i - +0 pair of boots
Will    .....        (no amulet)
Stlth   ++           l - +5 ring of evasion
HPRegen 0.28/turn    (no ring)
MPRegen 0.13/turn

%: no passive effects
@: no status effects
A: fangs 1, strong nose, distributed training
a: Renounce Religion, Potion Petition, Call Merchant, Bribe Branch


You were on level 4 of the Dungeon.
You worshipped Gozag.
Gozag was pleased with you.
You visited 1 branch of the dungeon, and saw 4 of its levels.

You collected 638 gold pieces.
You paid 17 gold pieces to Gozag.

Inventory:

Hand Weapons
 a - a +1 sling
 b - a +4 short sword (weapon)
 m - the +1 dagger "Qaoriec" {pain, Int+3}
   (You found it on level 3 of the Dungeon)

   Int:       It affects your intelligence (+3).
 t - a +4 dagger
Armour
 c - a +0 robe (worn)
 i - a +0 pair of boots (worn)
 j - a +0 ring mail
 s - a +0 plate armour
Jewellery
 l - a +5 ring of evasion (left hand)
Wands
 v - a wand of charming (4)
Scrolls
 d - 2 scrolls of magic mapping {unknown}
 e - a scroll of amnesia
 f - a scroll of blinking {unknown}
 h - a scroll of identify
 n - 2 scrolls of enchant weapon {unknown}
 q - a scroll of immolation {unknown}
 w - a scroll of teleportation {unknown}
 x - a scroll of fog {unknown}
Potions
 g - a potion of heal wounds {unknown}
 k - 2 potions of lignification
 o - 2 potions of curing {unknown}
 p - a potion of invisibility {unknown}
 r - a potion of degeneration {unknown}
 u - a potion of magic {unknown}


   Skills:
 + Level 3.8 Fighting
 + Level 2.7 Short Blades
 + Level 2.7 Long Blades
 + Level 2.7 Axes
 + Level 2.7 Maces & Flails
 + Level 2.7 Polearms
 + Level 2.7 Staves
 + Level 5.4 Ranged Weapons
 + Level 2.7 Throwing
 + Level 2.7 Armour
 + Level 2.7 Dodging
 + Level 3.6 Stealth
 + Level 2.7 Shields
 + Level 2.7 Unarmed Combat
 + Level 4.0 Spellcasting
 + Level 2.2 Conjurations
 + Level 2.2 Hexes
 + Level 2.2 Summonings
 + Level 2.2 Necromancy
 + Level 2.2 Translocations
 + Level 7.5 Transmutations
 + Level 2.2 Fire Magic
 + Level 2.2 Ice Magic
 + Level 2.2 Air Magic
 + Level 2.2 Earth Magic
 + Level 2.2 Poison Magic
 + Level 3.0 Invocations
 + Level 3.8 Evocations


You had 11 spell levels left.
You knew the following spells:

 Your Spells              Type           Power      Damage    Failure   Level
a - Beastly Appendage     Tmut           46%        N/A       1%          1
b - Wereblood             Tmut           23%        N/A       1%          2

Your spell library contained the following spells:

 Spells                   Type           Power      Damage    Failure   Level
 Ignite Poison            Fire/Tmut/Pois 14%        N/A       11%         3
 Cigotuvi's Dreadful Rot  Necr/Pois/Air  18%        N/A       12%         2
 Freezing Cloud           Conj/Ice/Air   4%         6-21      91%         5


Dungeon Overview and Level Annotations

Branches:
Dungeon (4/15)             Temple (0/1) D:4

Altars:
Gozag
Hepliaklqana

Annotations:
D:3 exclusion: orc, Natasha
D:4 Edmund, Pikel


Innate Abilities, Weirdness & Mutations

You have very sharp teeth.
Your uncanny sense of smell can sniff out nearby items.
Your experience applies equally to all skills.


Message History

Pikel zaps a wand.
You resist with some effort.
The now-empty wand crumbles to dust.
You barely miss Pikel.
Pikel is moderately wounded.
A sleepcap comes into view.
Pikel says, "Hell isn't that bad."
Pikel barely misses you.
You barely miss Pikel.
Pikel is moderately wounded.
You hit Pikel.
Pikel is moderately wounded.
Pikel barely misses you.
You hit Pikel. Your bite misses Pikel.
Pikel is moderately wounded.
Pikel says, "Hell isn't that bad."
Pikel hits you with a +0 whip of flaming!
Pikel burns you.
You hit Pikel but do no damage. Your punch misses Pikel.
Pikel is moderately wounded.
Pikel barely misses you.
Okay, then.
Okay, then.
Pikel attacks as you move away! Pikel misses you.
Pikel attacks as you move away!
Pikel hits you with a +0 whip of flaming!
Pikel burns you. Pikel attacks as you move away!
Pikel hits you with a +0 whip of flaming!
* * * LOW HITPOINT WARNING * * *
Pikel burns you.
* * * LOW HITPOINT WARNING * * *
As you read the scroll labelled NEZUAMOUTE, it crumbles to dust.
It is a scroll of identify.
k - 2 potions of lignification Pikel cracks his whip.
Pikel hits you with a +0 whip of flaming!
* * * LOW HITPOINT WARNING * * *
Pikel burns you.
You die...
Your body crumbles into a pile of gold.

#)#.###..#..#.##...###..#.# #.#
#...#..##.#[.#.##..#..###.# #.#
##.###..##.#..#.#####..#..#####.#
#..#..#####f#..#.##..###.##.....#
#.###f.#∆ ##.#..#.##).#...#######
#.#..### ##5#..#..###.#.# ####..#
##.#.....#..### #..### ∆
##K#..###.)..# ###..#
##@#..#..##.# #..### ##..##...###
#...+ ∆ ∆ ##.'..#...# ##.## #####
########## ...# #.#.# #.##
###..<### #.# #..<....# .K.
#)##.##.# .... #..[.##.#


You could see Pikel, a lemure and a sleepcap.

Vanquished Creatures
  Pargi (D:4)
  An ogre (D:4)
  3 lemures (D:4)
  A scorpion (D:4)
  An orc priest (D:3)
  2 sleepcaps (D:4)
  Natasha (twice) (D:3)
  2 iguanas (D:4)
  3 orc wizards
  Robin (D:2)
  A gnoll (D:4)
  7 adders
  2 worms
  2 dart slugs
  12 orcs
  7 bats
  8 endoplasms
  2 giant cockroaches
  14 goblins
  12 hobgoblins
  4 jackals (D:2)
  7 quokkas
  3 ball pythons
  4 frilled lizards
  9 kobolds
  7 rats
118 creatures vanquished.

Notes
Turn   | Place    | Note
-------+----------+-------------------------------------------
     0 | D:1      | Cassiopeia the Gnoll Wanderer began the quest for the Orb.
     0 | D:1      | Cassiopeia set off with the following items: a +1 sling, a
                  | scroll of fear, a +0 robe; and the following spell
                  | memorised: Beastly Appendage; and the following spells
                  | available to memorise: Wereblood, Ignite Poison.
     0 | D:1      | Reached XP level 1. HP: 17/17 MP: 4/4
   107 | D:1      | Reached XP level 2. HP: 23/23 MP: 5/5
   310 | D:1      | Reached XP level 3. HP: 28/28 MP: 7/7
   379 | D:1      | Found a faded altar of an unknown god.
   647 | D:1      | Reached skill level 1 in Invocations
  1133 | D:2      | Reached skill level 1 in Short Blades
  1133 | D:2      | Reached skill level 1 in Long Blades
  1133 | D:2      | Reached skill level 1 in Axes
  1133 | D:2      | Reached skill level 1 in Maces & Flails
  1133 | D:2      | Reached skill level 1 in Polearms
  1133 | D:2      | Reached skill level 1 in Staves
  1133 | D:2      | Reached skill level 1 in Throwing
  1133 | D:2      | Reached skill level 1 in Armour
  1133 | D:2      | Reached skill level 1 in Dodging
  1133 | D:2      | Reached skill level 1 in Shields
  1133 | D:2      | Reached skill level 1 in Unarmed Combat
  1273 | D:2      | Found an opulent altar of Gozag.
  1280 | D:2      | Became a worshipper of Gozag Ym Sagoz the Greedy
  1349 | D:2      | Reached XP level 4. HP: 34/34 MP: 8/8
  1438 | D:2      | Reached skill level 1 in Conjurations
  1438 | D:2      | Reached skill level 1 in Hexes
  1438 | D:2      | Reached skill level 1 in Summonings
  1438 | D:2      | Reached skill level 1 in Necromancy
  1438 | D:2      | Reached skill level 1 in Translocations
  1438 | D:2      | Reached skill level 1 in Fire Magic
  1438 | D:2      | Reached skill level 1 in Ice Magic
  1438 | D:2      | Reached skill level 1 in Air Magic
  1438 | D:2      | Reached skill level 1 in Earth Magic
  1438 | D:2      | Reached skill level 1 in Poison Magic
  1506 | D:2      | Noticed Robin
  1516 | D:2      | Killed Robin
  1848 | D:2      | Learned a level 2 spell: Wereblood
  1895 | D:3      | Identified the +1 dagger "Qaoriec" {pain, Int+3}
  1901 | D:3      | Reached XP level 5. HP: 40/40 MP: 9/9
  1942 | D:3      | Noticed Natasha
  1958 | D:3      | Killed Natasha
  2064 | D:3      | Noticed Natasha
  2122 | D:3      | Killed Natasha
  2724 | D:3      | Noticed Natasha
  2901 | D:3      | Reached XP level 6. HP: 47/47 MP: 11/11
  2992 | D:4      | Reached skill level 5 in Ranged Weapons
  3239 | D:4      | Found a hazy altar of Hepliaklqana.
  3239 | D:4      | Noticed Edmund
  3361 | D:4      | Found a staircase to the Ecumenical Temple.
  3395 | D:4      | Noticed Pikel
  3570 | D:4      | Reached XP level 7. HP: 52/52 MP: 12/12
  3934 | D:4      | Noticed Pargi
  3965 | D:4      | Killed Pargi
  4362 | D:4      | HP: 1/53 [Pikel/+0 whip of flaming (10)]
  4362 | D:4      | Slain by Pikel

Illustrated notes

Levels and vault maps discovered:
D:1:      dpeg_arrival_windows_large_door, layout_loops_corners,
          shapermc_ecumenical_altar_mp_highgroup, minmay_misc_feat_enclosed,
          serial_bayou_pond_b, minmay_misc_feat_doors
D:2:      layout_loops_ring, basic_altar, uniq_robin
D:3:      layout_basic, nicolae_concentric_dashed_squares_mild,
          mrwooster_statue_mirror, uniq_natasha
D:4:      minmay_razor_zed, layout_loops_cross, old_standard_altar,
          minmay_temple_entry_junction, uniq_pikel, uniq_edmund, uniq_pargi

Skill      XL: |  1  2  3  4  5  6  7 |
---------------+----------------------+-----
Invocations    | 1 2 3 |  3.0
Short Blades   | 1 2 |  2.7
Long Blades    | 1 2 |  2.7
Axes           | 1 2 |  2.7
Maces & Flails | 1 2 |  2.7
Polearms       | 1 2 |  2.7
Staves         | 1 2 |  2.7
Throwing       | 1 2 |  2.7
Armour         | 1 2 |  2.7
Dodging        | 1 2 |  2.7
Shields        | 1 2 |  2.7
Unarmed Combat | 1 2 |  2.7
Spellcasting   | 3 4 |  4.0
Conjurations   | 1 2 |  2.2
Hexes          | 1 2 |  2.2
Summonings     | 1 2 |  2.2
Necromancy     | 1 2 |  2.2
Translocations | 1 2 |  2.2
Fire Magic     | 1 2 |  2.2
Ice Magic      | 1 2 |  2.2
Air Magic      | 1 2 |  2.2
Earth Magic    | 1 2 |  2.2
Poison Magic   | 1 2 |  2.2
Fighting       | 3 |  3.8
Evocations     | 3 |  3.8
Stealth        | 3 |  3.6
Ranged Weapons | 5 |  5.4
Transmutations | |  7.5

Action                     |  1- 3 |  4- 6 |  7- 9 || total
---------------------------+-------+-------+-------++-------
  Melee: Short sword       |    11 |   181 |   136 ||   328
         Unarmed           |     3 |       |       ||     3
         Headbutt          |     2 |       |       ||     2
         Bite              |     1 |    19 |    17 ||    37
         Kick              |     1 |       |       ||     1
         Punch             |       |     2 |     4 ||     6
   Fire: Sling             |   108 |    61 |    30 ||   199
   Cast: Beastly Appendage |     2 |     1 |       ||     3
         Wereblood         |       |     2 |     2 ||     4
    Use: Scroll            |       |     2 |     1 ||     3
   Stab: Sleeping          |       |     4 |       ||     4
 Armour: Robe              |    11 |    21 |    11 ||    43
  Dodge: Dodged            |    21 |   105 |   106 ||   232
